 Dungeon Crawl Stone Soup version 0.27-a0-1312-g5cdb2b3542 (webtiles) character file.

Game seed: 17117959422765004103

63 MacCMillion the Skirmisher (level 4, 13/29 HPs)
             Began as a Gargoyle Fighter on June 19, 2021.
             Quit the game on level 3 of the Dungeon.
             The game lasted 00:04:05 (1494 turns).

MacCMillion the Skirmisher (Gargoyle Fighter)       Turns: 1494, Time: 00:04:05

Health: 13/29      AC: 10    Str: 20    XL:     4   Next: 10%
Magic:  4/4        EV:  7    Int:  9    God:
Gold:   21         SH:  9    Dex:  9    Spells: 3/3 levels left

rFire    . . .     SeeInvis .   a - +0 war axe
rCold    . . .     Faith    .   c - +0 kite shield
rNeg     + . .     Spirit   .   b - +0 scale mail
rPois    ∞         Reflect  .   (no helmet)
rElec    +         Harm     .   (no cloak)
rCorr    .         Rampage  .   (no gloves)
Will     .....                  (no boots)
Stlth    ..........             (no amulet)
HPRegen  0.09/turn              (no ring)
MPRegen  0.09/turn              (no ring)

@: no status effects
A: sickness immunity, AC +3, negative energy resistance 1, electricity
resistance, torment resistance 1, petrification resistance
a: no special abilities


You were on level 3 of the Dungeon.
You visited 1 branch of the dungeon, and saw 3 of its levels.

You collected 21 gold pieces.

Inventory:

Hand Weapons
 a - a +0 war axe (weapon)
Armour
 b - a +0 scale mail (worn)
 c - a +0 kite shield (worn)
Scrolls
 e - a scroll of teleportation {unknown}
 f - a scroll of blinking {unknown}
 i - a scroll of identify {unknown}
Potions
 d - 2 potions of might
 g - a potion of curing {unknown}
 h - a potion of attraction {unknown}


   Skills:
 + Level 3.8 Fighting
 * Level 2.6 Axes
 + Level 3.8 Armour
 + Level 3.7 Shields


You had 3 spell levels left.
You didn't know any spells.
Your spell library contained the following spells:

 Spells                   Type           Power      Damage    Failure   Level
 Summon Small Mammal      Summ           0%         N/A       99%         1
 Call Imp                 Summ           0%         N/A       100%        2
 Call Canine Familiar     Summ           0%         N/A       100%        3
 Summon Guardian Golem    Hex/Summ       0%         N/A       100%        3
 Summon Ice Beast         Ice/Summ       0%         N/A       100%        4
 Summon Lightning Spire   Summ/Air       0%         N/A       100%        4


Dungeon Overview and Level Annotations

Branches:
Dungeon (3/15)

Altars:


Innate Abilities, Weirdness & Mutations

You are immune to sickness and miasma.
Your stone body is resilient. (AC +3)
You are immune to poison.
You resist negative energy. (rN+)
You are resistant to electric shocks. (rElec)
You are resistant to unholy torment.
You are immune to petrification.


Message History

There is a stone staircase leading down here.
You block the goblin's attack. Robin hits you with a +0 dagger.
You climb downwards.
There is a stone staircase leading up here.
Your shield prevents you from hitting Robin.
You miss the goblin. The goblin closely misses you.
Robin roars a battlecry!
The goblin goes into a battle-frenzy!
Robin hits you but does no damage. You block the goblin's attack.
You slash Robin!
Robin is heavily wounded.
You barely miss the goblin. You block Robin's attack.
You block the goblin's attack.
You hit Robin.
Robin is severely wounded.
You slash the goblin!
You kill the goblin!
Robin drinks a potion.
Robin is healed!
You block Robin's attack.
You hit Robin.
Robin is moderately wounded.
You block Robin's attack.
You hit Robin but do no damage.
Robin is moderately wounded.
You block Robin's attack.
Robin zaps a wand.
The puff of flame hits you.
You hit Robin.
Robin is heavily wounded.
Robin zaps a wand.
The puff of flame hits you! You block Robin's attack.
You hit Robin.
Robin is severely wounded.
Robin hits you with a +0 dagger.
* * * LOW HITPOINT WARNING * * *
You slash Robin!
You kill Robin!
You have reached level 4!
You feel clever.
You start resting.
Something unseen opens the door.
An orc comes into view. It is wielding a +0 hand axe.
Unknown command.
Are you sure you want to abandon this character and quit the game? (Confirm with "yes".)

. .. o. ###
#'###..
#.##.......
#)).†......
#@#........
###........
.......##
###+#....
.### #


You could see an orc (asleep).

Vanquished Creatures
  Robin (D:3)
  An adder (D:2)
  3 dart slugs (D:2)
  A ball python (D:1)
  A bat (D:2)
  4 endoplasms (D:2)
  A giant cockroach (D:1)
  8 goblins
  4 hobgoblins
  2 frilled lizards
  2 kobolds
  7 rats
35 creatures vanquished.

Notes
Turn   | Place    | Note
-------+----------+-------------------------------------------
     0 | D:1      | MacCMillion the Gargoyle Fighter began the quest for the
                  | Orb.
     0 | D:1      | Reached XP level 1. HP: 14/14 MP: 1/1
   350 | D:1      | Reached XP level 2. HP: 19/19 MP: 2/2
   358 | D:1      | Found a faded altar of an unknown god.
  1013 | D:2      | Reached XP level 3. HP: 22/24 MP: 3/3
  1074 | D:2      | Noticed Robin
  1419 | D:3      | Killed Robin
  1420 | D:3      | Reached XP level 4. HP: 6/29 MP: 4/4
  1494 | D:3      | Quit the game

Illustrated notes

Levels and vault maps discovered:
D:1:      nicolae_arrival_washed_ashore, layout_loops_ring,
          basic_ecumenical_altar
D:2:      layout_loops_ring, minivault_23, solitary_fountain, uniq_robin
D:3:      layout_basic, minmay_checkerbox, uniq_natasha

Skill      XL: |  1  2 |
---------------+-------+-----
Axes           | 2 |  2.6
Fighting       | |  3.8
Armour         | |  3.8
Shields        | |  3.7

Action                   |  1- 3 |  4- 6 || total
-------------------------+-------+-------++-------
Melee: War axe           |    81 |       ||    81
Armor: Scale mail        |    55 |       ||    55
Dodge: Dodged            |    24 |       ||    24
Block: Kite shield       |    46 |       ||    46

Table legend: (Time is in decaauts)
 A = Elapsed time spent in this place.
 B = Non-inter-level travel time spent in this place.
 C = Inter-level travel time spent in this place.
 D = Time resting spent in this place.
 E = Time spent auto-exploring this place.
 F = Levels seen in this place.
 G = Mean time per level.
                   A        B        C        D        E       F      G
               +--------+--------+--------+--------+--------+-----+--------+
         Total |   1547 |   1528 |     19 |    327 |    888 |   3 |  515.7 |
       Dungeon |   1547 |   1528 |     19 |    327 |    888 |   3 |  515.7 |
               +--------+--------+--------+--------+--------+-----+--------+

Top non-repeatable levels by time:
     D:1: 828 daAuts
     D:3: 379 daAuts
     D:2: 339 daAuts
